 Dungeon Crawl Stone Soup version 0.20-a0-513-g02c11fc (webtiles) character file.

186 mopl the Slasher (level 5, 0/38 HPs)
             Began as a Barachian Skald on Jan 22, 2017.
             Killed from afar by an orc wizard (7 damage)
             ... with a magic dart
             ... on level 5 of the Dungeon.
             The game lasted 00:07:01 (3834 turns).

mopl the Slasher (Barachian Skald)                  Turns: 3834, Time: 00:07:02

Health: 0/38       AC:  3    Str:  6 (9)  XL:     5   Next: 65%
Magic:  2/8        EV: 11    Int: 10 (12) God:
Gold:   170        SH:  0    Dex:  8 (11) Spells: 0/8 levels left

rFire    . . .     SeeInvis .   a - +0 falchion
rCold    . . .     Gourm    .   b - +0 leather armour
rNeg     . . .     Faith    .   (no shield)
rPois    .         Spirit   .   (no helmet)
rElec    .         Reflect  .   (no cloak)
rCorr    .         Harm     .   (no gloves)
MR       .....                  (no boots)
Stlth    ..........             (no amulet)
Regen    0.2/turn               (no ring)
                                (no ring)

@: confused, infused (expiring), slow
A: swims, slowness 1, strong legs 1
a: Hop


You were on level 5 of the Dungeon.
You were not hungry.

You visited 1 branch of the dungeon, and saw 5 of its levels.

You collected 170 gold pieces.

Inventory:

Hand Weapons
 a - a +0 falchion (weapon)
 q - a +1 short sword of venom
Missiles
 i - 6 javelins (quivered)
 j - 8 poisoned needles
 k - 3 tomahawks
Armour
 b - a +0 leather armour (worn)
 m - a +0 ring mail
Wands
 u - a wand of iceblast (3/15)
Scrolls
 e - 2 scrolls of fear
 h - a scroll of fog {unknown}
 l - 3 scrolls of remove curse {unknown}
 o - a scroll of noise {unknown}
 r - a scroll of recharging {unknown}
 s - a scroll of teleportation {unknown}
 w - 3 scrolls of blinking {unknown}
Potions
 n - 2 potions of resistance
 t - a potion of flight
Books
 c - a book of Battle

   Spells                             Type                      Level
   a - Infusion                       Charms                       1
   b - Shroud of Golubria             Charms/Translocation         2
   c - Song of Slaying                Charms                       2
   d - Spectral Weapon                Hexes/Charms                 3
   e - Regeneration                   Charms/Necromancy            3
Comestibles
 d - a bread ration
 f - 2 fruits
 g - a chunk of flesh
 p - a meat ration


   Skills:
 - Level 2.1 Fighting
 + Level 6.2 Long Blades
 - Level 1.1 Armour
 - Level 2.0 Dodging
 - Level 2.0 Spellcasting
 - Level 3.0 Charms


You couldn't memorise any spells.
You knew the following spells:

 Your Spells              Type           Power        Failure   Level  Hunger
a - Infusion              Chrm           #...         14%         1    ##.....
b - Song of Slaying       Chrm           #.......     21%         2    ###....
f - Shroud of Golubria    Chrm/Tloc      #.........   38%         2    ###....
r - Regeneration          Chrm/Necr      #.........   78%         3    ####...


Dungeon Overview and Level Annotations

Branches:
Dungeon (5/15)
 Temple: D:4-7

Altars:
Okawaru
Uskayaw


Innate Abilities, Weirdness & Mutations

You can swim through water.
You cover ground slowly.
You can hop short distances.


Message History

The orc wizard hits you with a dagger.
* * * LOW HITPOINT WARNING * * *
You barely miss the orc wizard.
The orc wizard is severely wounded.
The orc wizard points at you and mumbles some strange words.
You are confused.
You're too confused to move!
The orc wizard hits you but does no damage.
You bump into the rock wall.
The orc wizard casts a spell at you.
You are more confused.
You hit the orc wizard.
The orc wizard is almost dead.
The orc wizard hits you with a dagger.
* * * LOW HITPOINT WARNING * * *
You bump into the rock wall.
Your magical infusion is running out.
The orc wizard points at you and mumbles some strange words.
The magic dart hits you!
You die...

#o# #.#
#{# #.#
#.#
#.#####
#....o#
#####o#
#@# #.#
#.# #.#
#.# #.#
#.# ..#


You could see an orc wizard and an orc.

Vanquished Creatures
  A worker ant (D:3)
  A hound skeleton (D:4)
  5 adders
  3 worms
  2 dart slugs
  3 leopard geckos
  4 orcs
  A ball python (D:2)
  7 giant cockroaches
  7 goblins
  11 hobgoblins
  3 jackals
  9 kobolds
  3 quokkas (D:3)
  10 bats
  5 frilled lizards
  9 rats
84 creatures vanquished.

Notes
Turn   | Place    | Note
-------+----------+-------------------------------------------
     0 | D:1      | mopl the Barachian Skald began the quest for the Orb.
     0 | D:1      | Reached XP level 1. HP: 16/16 MP: 3/3
    58 | D:1      | Reached skill level 3 in Long Blades
    58 | D:1      | Reached XP level 2. HP: 18/22 MP: 1/5
    64 | D:1      | Learned a level 2 spell: Song of Slaying
    67 | D:1      | Learned a level 2 spell: Shroud of Golubria
   380 | D:1      | Reached XP level 3. HP: 25/27 MP: 3/6
   630 | D:2      | Reached skill level 4 in Long Blades
   782 | D:2      | Reached XP level 4. HP: 14/33 MP: 1/7
  1453 | D:2      | Reached skill level 5 in Long Blades
  1873 | D:3      | Found a hide-covered altar of Uskayaw.
  2019 | D:3      | Reached XP level 5. HP: 38/38 MP: 3/8
  2306 | D:3      | Learned a level 3 spell: Regeneration
  2824 | D:3      | Reached skill level 6 in Long Blades
  3165 | D:4      | Found an iron altar of Okawaru.
  3415 | D:4      | Noticed an orc warrior
  3720 | D:5      | Entered Level 5 of the Dungeon
  3834 | D:5      | Killed from afar by an orc wizard

Vault maps used:
D:1:      minmay_arrival_radiant_lines, minmay_unequal
D:2:      roderic_lattice_a
D:3:      minmay_diamond_boxcup, lemuel_doored_altar
D:4:      kennysheep_mini_moat, old_standard_altar, first_bread,
          grunt_decor_arrowhead, guppyfry_early_orc_mine, uniq_eustachio
D:5:      lightli_temple_of_fire

Skill      XL: |  1  2  3  4  5 |
---------------+----------------+-----
Long Blades    | 3 4 5 6 |  6.2
Fighting       | |  2.1
Armour         | |  1.1
Dodging        | |  2.0
Spellcasting   | |  2.0
Charms         | |  3.0

Action                   |  1- 3 |  4- 6 || total
-------------------------+-------+-------++-------
Melee: Falchion          |    80 |   218 ||   298
Throw: Javelin           |       |     2 ||     2
 Cast: Infusion          |    13 |    17 ||    30
       Shroud of Golubri |     2 |     3 ||     5
 Abil: Hop               |       |     2 ||     2
  Use: Scroll            |     1 |     5 ||     6
       Potion            |       |     3 ||     3
  Eat: Chunk             |       |    11 ||    11
       Fruit             |       |     1 ||     1
Armor: Leather armour    |    22 |    70 ||    92
Dodge: Dodged            |    54 |   126 ||   180
       Rpst.: Falchion   |    22 |    38 ||    60
